 Dungeon Crawl Stone Soup version bcrawl-1.37.1 (webtiles) character file.

Game seed: 15155701565649253786

187044 Morbidden the Sneak (level 6, 0/35 HPs)
             Began as a Vine Stalker Archaeologist on Oct 22, 2022.
             Was a Follower of Cheibriados.
             Succumbed to an orc wizard's poison
             ... on level 4 of the Dungeon.
             The game lasted 00:04:11 (2332 turns).

Morbidden the Sneak (Vine Stalker Archaeologist)    Turns: 2332, Time: 00:04:12

Health: 0/35       AC: 13    Str: 13 (15) XL:     6   Next: 8%
Magic:  3/8        EV:  4    Int: 17 (18) God:    Cheibriados [*.....]
Gold:   177        SH:  0    Dex: 12 (15) Spells: 7/7 levels left

rFire    . . .     GDR:     25% a - +7 rapier "Decha" {freeze, Stlth+}
rCold    . . .     SeeInvis .   (no shield)
rNeg     . . .     Gourm    .   u - +0 plate armour
rPois    .         Faith    .   B - +0 helmet
rElec    .         Spirit   +   (no cloak)
rCorr    .         Reflect  .   (no gloves)
MR       .....     Clarity  +   h - +1 pair of boots
Stlth    ..........             A - amulet of guardian spirit
HPRegen  0.55/turn              (no ring)
MPRegen  0.11/turn              (no ring)

@: lethally poisoned (0 -> -16), very slow
A: fangs 3, regeneration 1, no potion heal 3, rot immunity, strong jaws
a: Bend Time, Renounce Religion


You were on level 4 of the Dungeon.
You worshipped Cheibriados.
Cheibriados was aware of your devotion.
You were not hungry.

You visited 1 branch of the dungeon, and saw 4 of its levels.

You collected 302 gold pieces.
You spent 125 gold pieces at shops.

Inventory:

Hand Weapons
 a - the +7 rapier "Decha" (weapon) {freeze, Stlth+}
   (You acquired it on level 4 of the Dungeon)

   It has been specially enchanted to freeze those struck by it, increasing
   damage dealt by approximately one third against foes not resistant or
   susceptible to cold, and potentially slowing cold-blooded foes.
   It makes you more stealthy.
 b - a +0 blowgun
Missiles
 f - 6 curare-tipped needles
 k - 58 poisoned tomahawks
 n - 71 javelins (quivered)
 q - 2 throwing nets {=f}
 v - 14 poisoned needles
Armour
 d - a +1 hat
 h - a +1 pair of boots (worn)
 u - a +0 plate armour (worn)
 B - a +0 helmet (worn)
Jewellery
 A - an amulet of guardian spirit (around neck)
Wands
 r - a wand of disintegration (17)
 y - a wand of digging (10)
 D - a wand of clouds (8)
Scrolls
 g - 2 scrolls of magic mapping
 i - a scroll of identify
 j - 2 scrolls of blinking
 l - 3 scrolls of teleportation
 m - 4 scrolls of remove curse
 w - 2 scrolls of fog {unknown}
 C - a scroll of enchant weapon {unknown}
 G - a scroll of amnesia
Potions
 x - a potion of agility {unknown}
 z - a potion of brilliance {unknown}
 E - a potion of mutation {unknown}
 F - a potion of heal wounds {unknown}
Comestibles
 e - 8 rations {!d}


   Skills:
 * Level 2.0 Fighting
 * Level 0.6 Short Blades
   Level 2.2 Maces & Flails
 + Level 0.2 Throwing
 * Level 1.5 Armour
 * Level 4.2 Dodging
 + Level 5.1 Stealth
 * Level 1.0 Spellcasting
 * Level 1.5 Invocations
 * Level 0.6 Evocations


You had 7 spell levels left.
You didn't know any spells.
Your spell library contained the following spells:

 Spells                   Type           Power        Failure   Level  Hunger
 Beastly Appendage        Tmut           #.....       100%        1    None
 Passwall                 Tmut/Erth      #.......     100%        2    ###....
 Sticks to Snakes         Tmut           #.......     100%        2    ###....
 Spider Form              Tmut/Pois      #..          100%        3    #####..
 Ice Form                 Ice/Tmut       #.......     100%        4    ######.
 Blade Hands              Tmut           #.........   100%        5    #######


Dungeon Overview and Level Annotations

Branches:
Dungeon (4/12)
 Temple: D:4-7

Altars:
Cheibriados
Makhleb
Trog
Wu Jian
Yredelemnul

Shops:
D:4 =?


Innate Abilities, Weirdness & Mutations

You have razor-sharp teeth.
Your natural rate of healing is unusually fast.
Potions cannot restore your health.
You are immune to rotting.
Your bites deal extra damage.


Message History

There was something very wrong with that liquid.
You feel weakened.
You feel dopey.
You feel clumsy.
* * * LOW HITPOINT WARNING * * *
You feel sick.
You barely miss the orc wizard.
The orc wizard is severely wounded.
* * * LOW HITPOINT WARNING * * *
You feel sick.
The orc wizard hits you but does no damage.
No path to travel!
No path to travel!
It was a potion of cancellation.
Your magical effects are unravelling.
You feel magically purged.
You feel less wooden.
Your +0 helmet unmelds from your body.
Your +1 pair of boots unmelds from your body.
Your +0 plate armour unmelds from your body.
You feel yourself slow down.
You die...

............##.# #........#
............##.###.##.....#
##...#####..##.....##.....#
##...### ##.......#########
#......# ####.#### #..).#.#
#.# #### .....#.# #.# ...
#......# #<###.####
.......# #..@o....#
..####.# #####.##.... ..
... .# . .. #.## o. .. #.#
o.$ ####


You could see an orc wizard.

Vanquished Creatures
  A bullfrog skeleton (D:4)
  An orc wizard (D:4)
  2 worker ants (D:4)
  3 gnolls (D:3)
  An adder (D:4)
  An ooze (D:1)
  2 adder skeletons
  2 worms (D:2)
  A dart slug (D:2)
  2 leopard geckos
  6 orcs
  A ball python (D:1)
  5 bats
  A giant cockroach (D:1)
  8 goblins
  13 hobgoblins
  5 jackals
  4 quokkas
  3 frilled lizards
  6 kobolds
  10 rats
78 creatures vanquished.

Notes
Turn   | Place    | Note
-------+----------+-------------------------------------------
     0 | D:1      | Morbidden the Vine Stalker Archaeologist began the quest
                  | for the Orb.
     0 | D:1      | Reached XP level 1. HP: 11/11 MP: 2/2
    83 | D:1      | Reached XP level 2. HP: 16/16 MP: 3/3
   127 | D:1      | Reached skill level 1 in Fighting
   163 | D:1      | Reached skill level 1 in Maces & Flails
   317 | D:1      | Reached XP level 3. HP: 20/20 MP: 4/4
   346 | D:1      | Reached skill level 5 in Stealth
   648 | D:2      | Found a basalt altar of Yredelemnul.
   826 | D:2      | Reached XP level 4. HP: 22/25 MP: 5/5
   956 | D:2      | Found a snail-covered altar of Cheibriados.
   968 | D:2      | Became a worshipper of Cheibriados the Contemplative
  1530 | D:3      | Reached skill level 1 in Armour
  1530 | D:3      | Reached skill level 1 in Invocations
  1884 | D:3      | Found an ornate altar of the Wu Jian Council.
  1891 | D:3      | Found a burning altar of Makhleb.
  1966 | D:4      | Reached XP level 5. HP: 23/29 MP: 3/6
  1966 | D:4      | Identified a scroll of acquirement
  2004 | D:4      | Found Daygyff's Magic Scroll Shoppe.
  2017 | D:4      | Identified the +7 rapier "Decha" {freeze, Stlth+} (You
                  | acquired it on level 4 of the Dungeon)
  2017 | D:4      | Identified the ring of the Heavens {rN+ Int+3} (You
                  | acquired it on level 4 of the Dungeon)
  2025 | D:4      | Bought a scroll of teleportation for 30 gold pieces
  2025 | D:4      | Bought a scroll of blinking for 75 gold pieces
  2025 | D:4      | Bought a scroll of identify for 20 gold pieces
  2061 | D:4      | Found a bloodstained altar of Trog.
  2103 | D:4      | Found Hoaw's Jewellery Shoppe.
  2116 | D:4      | Reached * piety under Cheibriados
  2315 | D:4      | Reached skill level 1 in Spellcasting
  2315 | D:4      | Gained mutation: You have razor-sharp teeth. [Vine Stalker
                  | growth]
  2315 | D:4      | Reached XP level 6. HP: 35/35 MP: 8/8
  2332 | D:4      | Succumbed to an orc wizard's poison

Skill      XL: |  1  2  3  4  5 |
---------------+----------------+-----
Fighting       | 1 2 |  2.0
Maces & Flails | 1 2 |  2.2
Stealth        | 5 |  5.1
Dodging        | 4 |  4.2
Armour         | 1 |  1.5
Invocations    | 1 |  1.5
Spellcasting   | 1 |  1.0
Short Blades   | |  0.6
Throwing       | |  0.2
Evocations     | |  0.6

Action                   |  1- 3 |  4- 6 || total
-------------------------+-------+-------++-------
Melee: Whip              |   123 |   127 ||   250
       Bite              |     9 |    15 ||    24
       Rapier            |       |    38 ||    38
Throw: Javelin           |     7 |       ||     7
  Use: Scroll            |       |     3 ||     3
       Potion            |       |     5 ||     5
 Stab: Sleeping          |     7 |       ||     7
  Eat: Chunk             |     3 |    10 ||    13
       Ration            |       |     1 ||     1
Armor: Robe              |    46 |       ||    46
       Scale mail        |       |    74 ||    74
       Plate armour      |       |    50 ||    50
       Skin              |       |     1 ||     1
Dodge: Dodged            |    99 |    99 ||   198
